 Dungeon Crawl Stone Soup version 0.26-a0-547-g695e311 (webtiles) character file.

Game seed: 6270818098256300103

322 B1Gdaddy5 the Slinger (level 6, -7/42 HPs)
             Began as a Halfling Hunter on Aug 20, 2020.
             Mangled by an ogre
             ... wielding a +0 giant club
              (19 damage)
             ... on level 4 of the Dungeon.
             The game lasted 00:50:38 (3839 turns).

B1Gdaddy5 the Slinger (Halfling Hunter)             Turns: 3839, Time: 00:50:39

Health: -7/42      AC:  7    Str: 13    XL:     6   Next: 76%
Magic:  6/6        EV: 16    Int: 15    God:
Gold:   598        SH:  0    Dex: 23    Spells: 5/5 levels left

rFire    . . .     SeeInvis .   h - +2 dagger (vamp)
rCold    + . .     Faith    +   (shield restricted)
rNeg     . . .     Spirit   .   z - +3 leather armour {rC+}
rPois    .         Reflect  .   (no helmet)
rElec    .         Harm     .   (no cloak)
rCorr    .                      B - +0 pair of gloves
MR       .....                  (no boots)
Stlth    ++........             s - amulet of faith
HPRegen  0.14/turn              x - +6 ring of dexterity
MPRegen  0.10/turn              y - +6 ring of intelligence

@: no status effects
A: small, mutation resistance 1
a: no special abilities


You were on level 4 of the Dungeon.
You visited 1 branch of the dungeon, and saw 4 of its levels.

You collected 614 gold pieces.
You paid 16 gold pieces to Gozag.

Inventory:

Hand Weapons
 a - a +1 hunting sling
 b - a +0 short sword
 h - a +2 vampiric dagger (weapon)
 l - a +2 hunting sling of flaming
Missiles
 d - 29 sling bullets
 e - 137 stones (quivered)
Armour
 c - a +3 leather armour
 z - a +3 leather armour of cold resistance (worn)
 B - a +0 pair of gloves (worn)
Jewellery
 s - an amulet of faith (around neck)
 x - a +6 ring of dexterity (left hand)
 y - a +6 ring of intelligence (right hand)
Wands
 p - a wand of paralysis (3)
Scrolls
 f - a scroll of magic mapping {unknown}
 g - a scroll of enchant armour
 i - a scroll of blinking {unknown}
 j - a scroll of remove curse {unknown}
 m - a scroll of random uselessness {unknown}
 n - a scroll of fog {unknown}
 o - a scroll of enchant weapon {unknown}
 q - 3 scrolls of teleportation {unknown}
 r - a scroll of immolation {unknown}
 A - a scroll of fear {unknown}
Potions
 k - a potion of haste
 t - a potion of berserk rage
 u - a potion of heal wounds


   Skills:
 + Level 3.0 Fighting
 + Level 9.0(9.1) Slings
 + Level 1.2(4.1) Throwing
 - Level 1.6 Armour
 + Level 2.7 Dodging
 + Level 1.7 Stealth


You had 5 spell levels left.
You didn't know any spells.
Your spell library was empty.

Dungeon Overview and Level Annotations

Branches:
Dungeon (4/15)
 Temple: D:4-7

Altars:
Cheibriados
Elyvilon
Fedhas
Gozag


Innate Abilities, Weirdness & Mutations

You are small and have problems with some larger weapons.
You are somewhat resistant to further mutation.


Message History

The orc wizard misses you.
The quokka bites you but does no damage.
You feel less confused. The orc closely misses you.
The quokka completely misses you.
You hit the orc but do no damage.
The orc is moderately wounded.
The orc misses you. The orc closely misses you.
The quokka bites you but does no damage.
You hit the orc but do no damage.
The orc is moderately wounded.
The orc hits you but does no damage.
The quokka bites you but does no damage.
The ogre barely misses you.
You hit the orc wizard but do no damage.
The orc misses you. The quokka closely misses you.
The orc hits you but does no damage. The orc wizard barely misses you.
You barely miss the orc wizard.
The quokka bites you but does no damage.
The ogre hits you with a +0 giant club!!
You die...

#..........#
#..........#
#.......... ##
##........##...
#.............
$ #?.........#
$
#.....oo...#...
#.....@o.......
#.....Or...#...
##.............
$
##.$..........
####.........
#..$......
#.........
#......... ....


You could see an ogre, an orc wizard, 2 orcs and a quokka.

Vanquished Creatures
  An orc priest (D:3)
  An iguana (D:4)
  2 orc wizards (D:3)
  7 adders
  3 oozes
  2 worms
  5 dart slugs
  2 leopard geckos (D:2)
  16 orcs (D:3)
  2 ball pythons
  A giant cockroach (D:3)
  12 goblins
  13 hobgoblins
  8 jackals
  12 kobolds
  3 quokkas (D:2)
  4 bats
  5 frilled lizards
  5 rats
104 creatures vanquished.

Vanquished Creatures (others)
  A fungus (D:3)
1 creature vanquished.

Grand Total: 105 creatures vanquished

Notes
Turn   | Place    | Note
-------+----------+-------------------------------------------
     0 | D:1      | B1Gdaddy5 the Halfling Hunter began the quest for the Orb.
     0 | D:1      | Reached XP level 1. HP: 14/14 MP: 1/1
     4 | D:1      | Reached skill level 6 in Slings
    86 | D:1      | Reached XP level 2. HP: 19/19 MP: 2/2
   439 | D:1      | Reached XP level 3. HP: 24/24 MP: 3/3
   505 | D:1      | Reached skill level 7 in Slings
  1401 | D:2      | Found an opulent altar of Gozag.
  1422 | D:2      | Became a worshipper of Gozag Ym Sagoz the Greedy
  1432 | D:2      | Reached XP level 4. HP: 29/29 MP: 4/4
  1577 | D:2      | You fall into a shaft and drop 2 floors!
  1596 | D:4      | Reached XP level 5. HP: 34/34 MP: 5/5
  1743 | D:3      | Reached skill level 8 in Slings
  1788 | D:3      | Found a snail-covered altar of Cheibriados.
  2769 | D:3      | Reached skill level 1 in Armour
  2783 | D:3      | Reached XP level 6. HP: 38/41 MP: 6/6
  3117 | D:3      | Found a white marble altar of Elyvilon.
  3121 | D:3      | Found a transporter.
  3138 | D:3      | Found a transporter.
  3288 | D:3      | Found a blossoming altar of Fedhas.
  3294 | D:3      | Reached skill level 1 in Throwing
  3625 | D:3      | Fell from the grace of Gozag
  3625 | D:3      | Became a worshipper of Elyvilon the Healer
  3688 | D:3      | Was placed under penance by Elyvilon
  3702 | D:3      | Fell from the grace of Elyvilon
  3703 | D:3      | Reached skill level 9 in Slings
  3735 | D:4      | Noticed an ogre
  3839 | D:4      | Mangled by an ogre

Illustrated notes

Levels and vault maps discovered:
D:1:      dpeg_arrival_arbitrary_c, layout_basic, chequers_big_river
D:2:      layout_loops_corners, lemuel_doored_altar, st_stairs_13,
          kennysheep_generic_room_9
D:3:      cheibrodos_greedy_goblins, layout_loops_ring,
          gammafunk_temple_overflow_arena, kennysheep_slug_shrine,
          fedhas_altar_3
D:4:      layout_rooms, serial_shops, kennysheep_mini,
          hangedman_decor_peaks_small

Skill      XL: |  1  2  3  4  5  6 |
---------------+-------------------+-----
Slings         | 6 7 8 9 |  9.0
Fighting       | 2 3 |  3.0
Armour         | 1 |  1.6
Throwing       | 1 |  1.2
Dodging        | |  2.7
Stealth        | |  1.7

Action                   |  1- 3 |  4- 6 || total
-------------------------+-------+-------++-------
Melee: Dagger            |       |    77 ||    77
       Hunting sling     |       |    20 ||    20
 Fire: Hunting sling     |    71 |   185 ||   256
Throw: Throwing net      |     8 |       ||     8
Invok: Potion Petition   |     1 |       ||     1
  Use: Scroll            |       |     9 ||     9
       Potion            |       |     3 ||     3
Armor: Leather armour    |     1 |    64 ||    65
       Skin              |       |    12 ||    12
Dodge: Dodged            |    14 |   154 ||   168

Table legend: (Time is in decaauts)
 A = Elapsed time spent in this place.
 B = Non-inter-level travel time spent in this place.
 C = Inter-level travel time spent in this place.
 D = Time resting spent in this place.
 E = Time spent auto-exploring this place.
 F = Levels seen in this place.
 G = Mean time per level.
                   A        B        C        D        E       F      G
               +--------+--------+--------+--------+--------+-----+--------+
         Total |   3805 |   3689 |    116 |     39 |   1703 |   4 |  951.2 |
       Dungeon |   3805 |   3689 |    116 |     39 |   1703 |   4 |  951.2 |
               +--------+--------+--------+--------+--------+-----+--------+

Top non-repeatable levels by time:
     D:1: 1342 daAuts
     D:3: 1234 daAuts
     D:2: 1087 daAuts
     D:4: 141 daAuts
